 Dungeon Crawl Stone Soup version 0.31.0-12-g77e489cdc1 (webtiles) character file.

Game seed: 17143399312717287299

576267 WickWood the Conqueror (level 26, -13/266 HPs)
             Began as a Hill Orc Fighter on Feb 17, 2024.
             Was the Champion of Beogh.
             Killed from afar by an orb of fire (39 damage)
             ... with a bolt of fire
             ... on level 5 of the Realm of Zot.
             The game lasted 02:14:57 (76000 turns).

WickWood the Conqueror (Hill Orc Fighter)          Turns: 76000, Time: 02:14:58

Health: -13/266    AC: 42    Str: 32      XL:     26   Next: 52%
Magic:  39/45      EV:  9    Int: 14      God:    Beogh [******]
Gold:   4002       SH:  5    Dex:  1 (5)  Spells: 25/25 levels left

rFire   + . .        c - +5 Lochaber axe {reach-cleave, Poleaxe ^Drain}
rCold   + + +        (shield currently unavailable)
rNeg    . . .        Y - +9 scales of the Dragon King {rPois rF+ rC+ Will+}
rPois   +            s - +0 mask of the Dragon {Will+ Slay+3 SInv}
rElec   +            Z - +2 cloak {Stlth+}
rCorr   +            i - +2 pair of gloves
SInv    +            G - +2 pair of boots "Coreh" {+Inv rC+++ Str-3 SInv}
Will    ++++.        N - amulet "Siongy" {Reflect rElec Int+4 Dex-4 SH+5 Stlth+} Stlth
                     W - ring of willpower
HPRegen 0.64/turn    X - ring of Guwk {rPois rCorr MP+9 Int+3}
MPRegen 0.29/turn

%: reflection
@: mighty, about to teleport, marked, contaminated, hasted, glowing, studying 5
skills, very quick
A: walk on water, deformed body, deterioration 1, low MP 1, strong 1, no potion
heal 1, subdued magic 1, MP-powered wands
}: 4/15 runes: serpentine, barnacled, slimy, silver
a: Renounce Religion, Evoke Invisibility, Smiting, Recall Orcish Followers, Give
Item to Named Follower, Resurrection


You were on level 5 of the Realm of Zot.
You worshipped Beogh.
Beogh was exalted by your worship.
You visited 11 branches of the dungeon, and saw 53 of its levels.
You also visited: Bailey.

You collected 7983 gold pieces.
You spent 3981 gold pieces at shops.


Innate Abilities, Weirdness & Mutations

You can walk on water.
Armour fits poorly on your strangely shaped body.
Your body sometimes deteriorates upon taking damage.
Your magical capacity is low. (-10% MP)
Your muscles are strong. (Str +4, Int/Dex -1)
Potions are less effective at restoring your health.
Your spells are a little easier to cast, but a little less powerful.
You expend magic power (3 MP) to strengthen your wands.


   Skills:
 O Level 27 Fighting
 O Level 27 Axes
 O Level 27 Armour
 - Level 11.0 Dodging
 - Level 9.0 Shields
 O Level 27 Invocations
 + Level 16.5 Evocations


You had 25 spell levels left.
You didn't know any spells.
Your spell library contained the following spells:

 Spells                   Type           Power      Damage    Failure   Level
 Foxfire                  Conj/Fire      0%         2x1d4     77%         1
 Freeze                   Ice            0%         1d3       77%         1
 Kiss of Death            Conj/Necr      0%         2d5       77%         1
 Magic Dart               Conj           0%         1d3       77%         1
 Necrotise                Necr           0%         1d4       77%         1
 Sandblast                Erth           0%         2d4       77%         1
 Cigotuvi's Dreadful Rot  Necr/Alch/Air  0%         N/A       88%         2
 Ensorcelled Hibernation  Hex/Ice        0%         N/A       88%         2
 Jinxbite                 Hex            0%         N/A       88%         2
 Momentum Strike          Conj/Tloc      0%         3d8       88%         2
 Scorch                   Fire           0%         2d5       88%         2
 Searing Ray              Conj           0%         2d4       88%         2
 Static Discharge         Conj/Air       0%         3-3/arc   88%         2
 Sublimation of Blood     Necr           0%         N/A       88%         2
 Call Canine Familiar     Summ           0%         N/A       98%         3
 Confusing Touch          Hex            0%         N/A       98%         3
 Dazzling Flash           Conj/Hex       0%         N/A       98%         3
 Frozen Ramparts          Ice            0%         1d1       98%         3
 Fugue of the Fallen      Necr           0%         N/A       98%         3
 Hailstorm                Conj/Ice       0%         3d5       98%         3
 Inner Flame              Hex/Fire       0%         N/A       98%         3
 Mephitic Cloud           Conj/Alch/Air  0%         N/A       98%         3
 Passwall                 Erth           0%         N/A       98%         3
 Stone Arrow              Conj/Erth      0%         3d7       98%         3
 Summon Ice Beast         Ice/Summ       0%         N/A       98%         3
 Tukima's Dance           Hex            0%         N/A       98%         3
 Vampiric Draining        Necr           0%         2d6       98%         3
 Airstrike                Air            0%         2d(0-16)  100%        4
 Anguish                  Hex/Necr       0%         N/A       100%        4
 Animate Armour           Summ/Erth      0%         N/A       100%        4
 Animate Dead             Necr           0%         N/A       100%        4
 Brom's Barrelling Bould  Conj/Erth      0%         2d3       100%        4
 Dimensional Bullseye     Hex/Tloc       0%         N/A       100%        4
 Dispel Undead            Necr           0%         3d6       100%        4
 Flame Wave               Conj/Fire      0%         2d4       100%        4
 Fulminant Prism          Conj/Alch      0%         3d5       100%        4
 Iskenderun's Mystic Bla  Conj/Tloc      0%         2d3       100%        4
 Leda's Liquefaction      Alch/Erth      0%         N/A       100%        4
 Manifold Assault         Tloc           0%         N/A       100%        4
 Martyr's Knell           Necr/Summ      0%         N/A       100%        4
 Olgreb's Toxic Radiance  Alch           0%         N/A       100%        4
 Petrify                  Alch/Erth      0%         N/A       100%        4
 Summon Blazeheart Golem  Fire/Summ      0%         N/A       100%        4
 Summon Lightning Spire   Summ/Air       0%         N/A       100%        4
 Vhi's Electric Charge    Tloc/Air       0%         N/A       100%        4
 Borgnjor's Vile Clutch   Necr/Erth      0%         N/A       100%        5
 Curse of Agony           Necr           0%         N/A       100%        5
 Fireball                 Conj/Fire      0%         3d3       100%        5
 Freezing Cloud           Conj/Ice/Air   0%         6-21      100%        5
 Irradiate                Conj/Alch      0%         3d11      100%        5
 Iskenderun's Battlesphe  Conj           0%         2d6       100%        5
 Lee's Rapid Deconstruct  Erth           0%         3d4*      100%        5
 Metabolic Englaciation   Hex/Ice        0%         N/A       100%        5
 Silence                  Hex/Air        0%         N/A       100%        5
 Summon Forest            Summ/Tloc      0%         N/A       100%        5
 Summon Mana Viper        Hex/Summ       0%         N/A       100%        5
 Bombard                  Conj/Erth      0%         9d1       100%        6
 Conjure Ball Lightning   Conj/Air       0%         3x3d6     100%        6
 Dispersal                Tloc           0%         N/A       100%        6
 Plasma Beam              Fire/Air       0%         2x1d10    100%        6
 Sculpt Simulacrum        Ice/Alch       0%         N/A       100%        6
 Starburst                Conj/Fire      0%         6d3       100%        6
 Summon Cactus Giant      Summ           0%         N/A       100%        6
 Enfeeble                 Hex            0%         N/A       100%        7
 Haunt                    Necr/Summ      0%         N/A       100%        7
 Monstrous Menagerie      Summ           0%         N/A       100%        7
 Orb of Destruction       Conj           0%         9d5       100%        7
 Ozocubu's Refrigeration  Ice            0%         4d7       100%        7
 Spellforged Servitor     Conj/Summ      0%         N/A       100%        7
 Borgnjor's Revivificati  Necr           0%         N/A       100%        8
 Discord                  Hex            0%         N/A       100%        8
 Disjunction              Tloc           0%         N/A       100%        8
 Infestation              Necr           0%         N/A       100%        8
 Chain Lightning          Conj/Air       0%         N/A       100%        9
 Fire Storm               Conj/Fire      0%         5d1       100%        9
 Polar Vortex             Ice            0%         N/A       100%        9
 Shatter                  Erth           0%         3d5*      100%        9

Inventory:

Hand Weapons
 c - the +5 Lochaber axe (weapon) {reach-cleave, Poleaxe ^Drain}
   (You found it on level 15 of the Dungeon)

   Poleaxe:   It uses either Axes or Polearms skill, whichever is higher.
   ^Drain:    It drains your maximum health when unequipped.
Missiles
 S - 3 throwing nets {=f}
Armour
 i - a +2 pair of gloves (worn)
 s - the +0 mask of the Dragon (worn) {Will+ Slay+3 SInv}
   (You bought it in a shop on level 2 of the Elven Halls)

   Slay+3:    It affects your accuracy & damage with ranged weapons and melee
   (+3).
   Will+:     It increases your willpower.
   SInv:      It lets you see invisible.
 G - the +2 pair of boots "Coreh" (worn) {+Inv rC+++ Str-3 SInv}
   (You acquired it on level 1 of the Vaults)

   Str-3:     It affects your strength (-3).
   rC+++:     It renders you almost immune to cold.
   SInv:      It lets you see invisible.
   +Inv:      It lets you turn invisible.
 Y - the +9 scales of the Dragon King (worn) {rPois rF+ rC+ Will+}
   (You found it on level 5 of the Vaults)

   rF+:       It protects you from fire.
   rC+:       It protects you from cold.
   rPois:     It protects you from poison Will+: It increases your willpower.
 Z - a +2 cloak of stealth (worn)
Jewellery
 N - the amulet "Siongy" (around neck) {Reflect rElec Int+4 Dex-4 SH+5 Stlth+}
   (You found it on level 3 of the Elven Halls)

   [amulet of reflection]

   Reflect:   It reflects blocked missile attacks.
   Int+4:     It affects your intelligence (+4).
   Dex-4:     It affects your dexterity (-4).
   rElec:     It insulates you from electricity.
   SH+5:      It affects your SH (+5).
   Stlth+:    It makes you more stealthy.
 W - a ring of willpower (left hand)
 X - the ring of Guwk (right hand) {rPois rCorr MP+9 Int+3}
   (You found it on level 5 of the Lair of Beasts)

   [ring of magical power]

   Int+3:     It affects your intelligence (+3).
   rPois:     It protects you from poison MP+9: It affects your magic capacity
   (+9).
   rCorr:     It protects you from acid and corrosion.
Wands
 l - a wand of mindburst (6)
 t - a wand of flame (135)
 u - a wand of digging (27)
 w - a wand of charming (60)
 K - a wand of quicksilver (39)
 M - a wand of roots (25)
Scrolls
 b - a scroll of silence {!r}
 e - 5 scrolls of fear
 f - 4 scrolls of torment
 h - 13 scrolls of teleportation {@r2}
 j - 4 scrolls of enchant armour
 m - 7 scrolls of fog
 n - 5 scrolls of vulnerability
 r - 6 scrolls of summoning
 y - 2 scrolls of amnesia
 F - 2 scrolls of poison
 I - 6 scrolls of revelation
 O - 6 scrolls of blinking
 T - 5 scrolls of immolation
Potions
 a - 25 potions of curing {@q1}
 d - a potion of might
 g - 4 potions of berserk rage {!q}
 k - 2 potions of heal wounds {@q2}
 o - 11 potions of lignification
 p - 6 potions of haste {@q3}
 q - 4 potions of magic
 v - a potion of attraction
 x - 11 potions of enlightenment
 z - 4 potions of ambrosia
 B - 4 potions of cancellation
 E - a potion of invisibility
 H - 3 potions of brilliance
 Q - 5 potions of mutation
 V - 3 potions of resistance
Miscellaneous
 A - a lightning rod (4/4)
 C - a box of beasts (inert)
 J - a phial of floods
 L - a phantom mirror

Dungeon Overview and Level Annotations

Branches:
Dungeon (15/15)            Temple (1/1) D:6            Lair (5/5) D:10
 Shoals (4/4) Lair:3        Snake (4/4) Lair:2        Slime (5/5) Lair:4
    Orc (2/2) D:10            Elf (3/3) Orc:2        Vaults (5/5) D:14
  Crypt (0/3) Vaults:2     Depths (4/4) D:15            Zot (5/5) Depths:4
 Bailey (visited)

Altars:
Ashenzari
Cheibriados
Dithmenos
Elyvilon
Fedhas
Gozag
Hepliaklqana
Kikubaaqudgha
Makhleb
Nemelex Xobeh
Okawaru
Qazlal
Ru
Sif Muna
Trog
Uskayaw
Vehumet
Wu Jian
Xom
Yredelemnul
Zin
The Shining One
Beogh
Jiyva

Shops:
D:3 ?   D:10 [   D:13 [   D:15 =   Orc:2 ([(=   Elf:1 !   Elf:2 (!*[
Shoals:3 !   Vaults:1 :   Vaults:3 *   Depths:1 (

Portals:
Hell: Depths:1 Depths:3 Depths:4
Abyss: Depths:3
Pandemonium: Depths:2
Ziggurat: Depths:3

Annotations:
D:3 1 runed translucent door, Crazy Yiuf
D:8 2 runed translucent doors, hawla's ghost, novice MiFi
D:10 3 runed translucent doors, bearlyready's ghost, journeyman TrSh
Elf:2 3 runed translucent doors
Zot:5 1 exclusion

^**,,,,,,,,,**,,,,,,,,,,,,,,,,,,,
,***,,,,,,,***,,,,,,,,,,^,,,,,,,,
,* ********* *,,,,,,,,,,,,,,,,,,,
** **,,^,,,,,,^,,,,,,,, *
***,,,,,,,,,,,,..^.
****,^,,,,,,,...L
▒███████████▒▒^... ▒▒
▒▒▒ooooC.§z^C.[..... .▒▒
▒▒✱.@o▒▒.))Doq.......
..▒▒▒▒▒▒▒▒▒▒▒.XX▒▒▒.ooooX.d^.....
..............H▒▒▒..o^.o.........
▒.............▒▒ ▒...............
▒.............▒ ▒..........^....
▒▒...........▒▒ ▒...............
▒...........▒ ▒...............
▒▒...........▒▒ ▒....^..........
▒.^...........▒ ▒▒^.............


You could see an orb of fire, a death cob, 2 Orb Guardians, a protean
progenitor, the friendly Argrim the orc warlord (strong, very poisoned), a
friendly elder weirdsting beast (summoned), a friendly orc knight (strong), a
friendly orc warrior (strong) and 2 friendly orcs.


Message History

You slice the Orb Guardian like a ripe choko!!!
You slice the Orb Guardian!!
Your orc knight looks more healthy.
The Orb Guardian hits you!!
* * * LOW HITPOINT WARNING * * *
Your elder weirdsting beast stings the Orb Guardian from afar.
The Orb Guardian hits your orc knight!!!
Unknown command.
Unknown command.
Your system partially rejects the healing.
You feel much better.
You finish recalling your allies.
Your orc knight hits the Orb Guardian with a +0 dire flail!!
The Orb Guardian dies!
Beogh accepts your kill.
The Orb Guardian hits you but does no damage.
Your elder weirdsting beast hits the Orb Guardian!
Your elder weirdsting beast stings the Orb Guardian!
You feel less energetic.
As you read the scroll of teleportation {@r2}, it crumbles to dust.
You feel strangely unstable.
You feel the Orb delaying your translocation!
A death cob comes into view.
The yellow draconian annihilator casts a spell.
The yellow draconian annihilator blinks!
You block the Orb Guardian's attack.
Your orc knight roars a battlecry!
Your orcs go into a battle-frenzy!
The orb of fire glows bright magenta.
The bolt of fire hits you!!! You resist.
You die...

Skill      XL: |  1  2  3  4  5  6  7  8  9 10 11 12 13 14 15 16 17 18 19 20 21 22 23 24 25 26 |
---------------+-------------------------------------------------------------------------------+-----
Fighting       | 4 6 9 10 12 14 15 16 18 21 27 | 27.0
Axes           | 3 5 6 9 10 12 14 17 18 23 26 27 | 27.0
Shields        | 4 5 9 |  9.0
Armour         | 4 7 10 11 14 15 16 17 18 20 22 23 27 | 27.0
Invocations    | 2 7 9 12 14 15 17 18 21 23 25 27 | 27.0
Dodging        | 3 11 | 11.0
Evocations     | 13 16 | 16.5

Action                     |  1- 3 |  4- 6 |  7- 9 | 10-12 | 13-15 | 16-18 | 19-21 | 22-24 | 25-27 || total
---------------------------+-------+-------+-------+-------+-------+-------+-------+-------+-------++-------
  Melee: War axe           |    81 |    76 |   283 |   543 |    54 |       |       |       |       ||  1037
         Flail             |       |       |       |     3 |       |       |       |       |       ||     3
         Broad axe         |       |       |       |       |   562 |   272 |       |       |       ||   834
         Whip              |       |       |       |       |    27 |       |       |       |       ||    27
         Lochaber axe      |       |       |       |       |       |   663 |   943 |  1108 |   715 ||  3429
         Unarmed           |       |       |       |       |       |       |     3 |       |       ||     3
 Invoke: Convert to Beogh  |       |       |     1 |       |       |       |       |       |       ||     1
         Recall Orcish Fol |       |       |       |     1 |     2 |     2 |       |       |     3 ||     8
         Smiting           |       |       |       |       |     2 |       |     6 |    20 |    11 ||    39
         Stop Recall       |       |       |       |       |     1 |       |       |       |       ||     1
  Evoke: Box of beasts     |       |       |       |       |       |       |       |       |     1 ||     1
    Use: Scroll            |       |     3 |     2 |     3 |    19 |     4 |     9 |    16 |     3 ||    59
         Potion            |       |     1 |       |       |     7 |     6 |     4 |     6 |     7 ||    31
   Stab: Sleeping          |       |     1 |       |       |       |       |       |       |       ||     1
         Confused          |       |       |       |     1 |       |       |       |       |     2 ||     3
         Distracted        |       |       |       |       |     4 |     7 |     9 |     6 |     3 ||    29
         Paralysed         |       |       |       |       |       |       |     2 |     1 |       ||     3
 Armour: Scale mail        |    59 |     1 |       |       |       |       |       |       |       ||    60
         Ring mail         |       |    47 |       |       |       |       |       |       |       ||    47
         Chain mail        |       |     5 |   241 |   398 |   650 |   726 |   580 |   220 |       ||  2820
         Skin              |       |       |       |       |       |       |     1 |       |       ||     1
         Gold dragon scale |       |       |       |       |       |       |       |   584 |   752 ||  1336
  Dodge: Dodged            |    33 |    22 |   111 |   190 |   199 |   223 |   238 |   250 |   187 ||  1453
  Block: Buckler           |    14 |    21 |    73 |   114 |    76 |       |       |       |       ||   298
         Kite shield       |       |       |       |       |   139 |   153 |       |       |       ||   292
         Reflection        |       |       |       |       |    27 |    36 |    14 |    12 |       ||    89
         Other             |       |       |       |       |       |    80 |    81 |   104 |    91 ||   356

Levels and vault maps discovered:
D:1:      kennysheep_arrival_seaside, layout_basic
D:2:      layout_loops_ring
D:3:      layout_basic, serial_shops, nicolae_shop_crystal, minmay_cut_off,
          uniq_crazy_yiuf_cottage, uniq_natasha, uniq_grinder
D:4:      layout_loops_ring, grunt_temple_overflow_magic_moments
D:5:      layout_cave_pools, uniq_edmund, uniq_menkaure, uniq_blork_the_orc,
          uniq_ijyb
D:6:      layout_basic, nicolae_gozag_seed_capital,
          minmay_temple_entry_proselytizer, uniq_eustachio, uniq_duvessa,
          uniq_sigmund, uniq_maggie
D:7:      layout_loops_cross, enter_bailey_5, minmay_misc_feat_iff
D:8:      layout_layer_cave, cheibriados_altar_1,
          mainiacjoe_overflow_tiny_flanked,
          chequers_temple_overflow_statue_of_worship,
          ebering_ghost_disaster_area
D:9:      layout_basic, mainiacjoe_overflow_large_starburst
D:10:     layout_roguey, lair_entry_dummy, david_orc_4, gammafunk_ghost_ooze,
          serial_shops, nicolae_square_shop,
          nicolae_concentric_dashed_squares_wild, uniq_nergalle
D:11:     layout_roguey [special_room_kobold], hangedman_decor_opposing
D:12:     layout_small_grid, worldfamousw_hep_ancestral_shrine
D:13:     layout_stronghold, serial_shops, nicolae_inconvenience_store
D:14:     layout_loops_ring, grunt_vaults_entry_fortified, nrook_campfire,
          uniq_kirke, uniq_louise, uniq_rupert
D:15:     hangedman_depths_entry_civil_slaughter, layout_cave_pools,
          hangedman_decor_lopped, serial_shops, nicolae_shop_just_a_little_nook,
          hellmonk_talismancer, uniq_azrael
Temple:   minmay_temple_curvy_loop
Lair:1:   layout_cave_pods, serial_bayou_shore_b, lemuel_fruit_tree,
          infiniplex_staircase_pool_2, grunt_megastairs_5, uniq_fannar,
          uniq_joseph
Lair:2:   nzn_winding_woodlands_medium [nzn_winding_woodlands_5x5_perimeter,
          nzn_winding_woodlands_5x15_cabin, nzn_winding_woodlands_5x5_default,
          nzn_winding_woodlands_5x5_open_star,
          nzn_winding_woodlands_center_diamonds,
          nzn_winding_woodlands_5x5_default, nzn_winding_woodlands_5x5_default,
          nzn_winding_woodlands_5x15_crooked, nzn_winding_woodlands_hourglass],
          layout_misc_corridors, alex1729_snake_entry_snake,
          beast_lair_carwin_5, grunt_megastairs_2, serial_bayou_shore_b,
          uniq_sonja
Lair:3:   minmay_guarded_unrand_snakebite, layout_layer_cave,
          elwin_shoals_entry_rooms, basic_altar
Lair:4:   layout_long_grid, slime_entry_1
Lair:5:   grunt_lair_end_beastmaster, layout_cave_pods, fungi_pond_lemuel,
          evilmike_ambush [evilmike_ambush_outer_basic,
          evilmike_ambush_inner_basic]
Shoals:1: cheibrodos_shoals_baths, layout_shoals, nicolae_shoals_drake_roost
Shoals:2: layout_shoals
Shoals:3: layout_shoals, serial_shops, nicolae_shop_stone,
          dpeg_stationary_puzzle, uniq_polyphemus
Shoals:4: shoals_end_grunt_ice, layout_shoals
Snake:1:  layout_basic, gammafunk_ghost_split, uniq_aizul, uniq_frances
Snake:2:  layout_chambers, ebering_ghost_rock_garden
Snake:3:  minmay_snake_river, layout_cave_pods, serial_bayou_pond_a,
          nicolae_integral_box
Snake:4:  grunt_snake_rune_pools, layout_grid_maze, st_stairs_2,
          grunt_megastairs_4, uniq_donald, uniq_vashnia
Slime:1:  layout_caves, nicolae_slime_phagocytosis
Slime:2:  layout_caves
Slime:3:  cheibrodos_slime_lost_civilization_10, layout_caves
Slime:4:  layout_caves
Slime:5:  slime_pit_nicolae_trefoil
Orc:1:    layout_diamond_mine, nicolae_orc_seminary
Orc:2:    st_orc_rangers, layout_caves, special_room
Elf:1:    elf_arrival_002, layout_loops_corners, serial_shops, shop,
          nicolae_elf_blasts_and_bolts, minivault_28, lemuel_upstairs_altar
Elf:2:    nicolae_elf_blades_crystal_corner, layout_geoelf_diagonals,
          serial_shops, nicolae_shop_getting_attention, nicolae_lakefront_shop,
          nicolae_square_shop, nicolae_elf_big_sculpture_1,
          serial_library_hellmonk_small_corner, nicolae_shop_overcharged_wands,
          uniq_zenata, uniq_roxanne
Elf:3:    elf_hall, layout_geoelf_octagon
Vaults:1: ebering_ghost_disaster_area, hangedman_vaults_slither,
          nicolae_vaults_spaceships, v_misc_32, vaults_room_grid,
          hangedman_vaults_maws, nicolae_vaults_cochlea,
          nicolae_vaults_heart-shaped_vault, nicolae_vaults_trapezoid_2,
          nicolae_vaults_house_1, layout_vaults_omnicross, serial_shops, shop
Vaults:2: nicolae_vaults_apartment_1, ontoclasm_vaults_decontamination,
          minmay_crypt_entry_necro_gods, ontoclasm_vaults_chip,
          nicolae_vaults_storage_closets_3, v_alt_pattern_6,
          nicolae_vaults_house_1, nicolae_vaults_diamond_1,
          layout_vaults_chaotic_city
Vaults:3: nicolae_vaults_trapezoid_3, nicolae_vaults_what_the_h,
          nicolae_vaults_rhombus_5, nicolae_vaults_inception_corners,
          ontoclasm_vaults_chip, nicolae_vaults_two_Ls, v_misc_5,
          hangedman_vaults_corner_blocks, nicolae_vaults_alarming,
          nicolae_vaults_stairing_the_circle, nicolae_vaults_tetromino_Z_2,
          nicolae_vaults_tetromino_Z_1, ontoclasm_vaults_idyll,
          nicolae_vaults_gold_heap, layout_vaults_maze_snakey, serial_shops,
          shop, uniq_margery
Vaults:4: nicolae_vaults_more_shelving_2, v_misc_1,
          nicolae_vaults_layer_cake_slice, hangedman_vaults_snaps,
          hangedman_vaults_river_flow, v_pattern_5, nicolae_vaults_mitosis,
          nicolae_vaults_little_ls, serial_library_hellmonk_semicircle,
          nicolae_vaults_octothorpe, layout_vaults_ring, uniq_mara
Vaults:5: uniq_xtahua
Depths:1: layout_cave_shapes, kennysheep_minor_cross, serial_shops, shop,
          serial_co_window_serial, co_window_paths_a, co_window_corner_a,
          co_window_of_opportunity_a, co_window_paths_a, co_window_paths_b,
          co_window_corner_b, co_window_corner_b, co_window_unsneaky_path_b,
          co_window_corner_ca, grunt_hell_entry_dis_old, fedhas_altar_3,
          uniq_bai_suzhen
Depths:2: minmay_the_grid_four_pointed_star_mashed
          [minmay_the_grid_triangle_9x9_negative_grid,
          minmay_the_grid_triangle_9x9_cache,
          minmay_the_grid_triangle_9x9_checkered,
          minmay_the_grid_triangle_9x9_alien,
          minmay_the_grid_prize_diamond_cup], layout_gridlike, hell_entry,
          rand_demon_pan_entry_8, kennysheep_flooded_box, corner_web_ring,
          door_vault, uniq_norris
Depths:3: cross_vault, layout_cave_pools, enter_ziggurat_b,
          minmay_room_of_horrors, nicolae_tricolors, hell_entry
Depths:4: evilmike_zot_entry_diamond, layout_small_grid, hellmouth_1,
          hellmonk_ghost_time_enough, chequers_serial_rivers_micro_b
Zot:1:    cheibrodos_zot_enchanting_chambers, layout_gridlike,
          hangedman_hellfire_club
Zot:2:    layout_onion_interference
Zot:3:    layout_misc_corridors
Zot:4:    lemuel_firehouse, layout_onion_interference,
          regret_index_zotdec_magical_s
Zot:5:    layout_misc_corridors

Notes
Turn   | Place    | Note
-------+----------+-------------------------------------------
     0 | D:1      | WickWood the Hill Orc Fighter began the quest for the Orb.
     0 | D:1      | Reached XP level 1. HP: 19/19 MP: 1/1
   125 | D:1      | Reached skill level 4 in Fighting
   128 | D:1      | Reached skill level 3 in Axes
   164 | D:1      | Reached XP level 2. HP: 24/27 MP: 2/2
   684 | D:2      | Reached skill level 4 in Shields
   717 | D:2      | Reached XP level 3. HP: 30/33 MP: 3/3
  1278 | D:2      | Reached XP level 4. HP: 34/40 MP: 4/4
  1357 | D:2      | Identified the +4 ring mail "Utoclus" {Str+3}
  1392 | D:2      | Identified the +3 mace "Gomuol" {venom, Int+3}
  1514 | D:2      | Reached skill level 5 in Shields
  1665 | D:3      | Found Mileel's Magic Scroll Boutique.
  1693 | D:3      | Bought a scroll of identify for 20 gold pieces
  1912 | D:3      | Noticed Natasha
  1917 | D:3      | Killed Natasha
  1918 | D:3      | Reached skill level 5 in Fighting
  1918 | D:3      | Noticed Grinder
  1922 | D:3      | Paralysed by Grinder for 3 turns
  1932 | D:3      | Killed Grinder
  1933 | D:3      | Reached skill level 6 in Fighting
  1933 | D:3      | Reached skill level 5 in Axes
  1933 | D:3      | Reached XP level 5. HP: 17/50 MP: 5/5
  1933 | D:3      | Reached XP level 6. HP: 20/57 MP: 6/6
  2078 | D:3      | Found a runed translucent door.
  2079 | D:3      | Noticed Crazy Yiuf
  2250 | D:3      | Noticed Natasha
  2255 | D:3      | Killed Natasha
  2439 | D:3      | Reached skill level 6 in Axes
  2696 | D:4      | Identified the +8 chain mail of Plasticity {rF+}
  2732 | D:4      | Reached skill level 4 in Armour
  2732 | D:4      | Reached XP level 7. HP: 60/63 MP: 7/7
  2816 | D:4      | Found a shimmering blue altar of Sif Muna.
  2817 | D:4      | Found an ancient bone altar of Kikubaaqudgha.
  2817 | D:4      | Found a radiant altar of Vehumet.
  2821 | D:4      | Got Kikubaaqudgha's Spellbook of Unspeakable Arts
  3391 | D:5      | Entered Level 5 of the Dungeon
  3391 | D:5      | Noticed Blork the orc
  3398 | D:5      | Killed Blork the orc
  3576 | D:5      | Noticed Edmund
  3593 | D:5      | Killed Edmund
  3594 | D:5      | Reached skill level 7 in Axes
  3681 | D:5      | Reached skill level 8 in Axes
  3693 | D:5      | Noticed Ijyb
  3801 | D:5      | Killed Ijyb
  3835 | D:5      | Reached skill level 9 in Axes
  3908 | D:5      | Reached XP level 8. HP: 70/70 MP: 8/8
  3945 | D:5      | Noticed Menkaure
  3962 | D:5      | Killed Menkaure
  4085 | D:5      | Reached skill level 10 in Axes
  4404 | D:6      | Reached skill level 7 in Fighting
  4597 | D:6      | Reached skill level 8 in Fighting
  4738 | D:6      | Noticed Eustachio
  4748 | D:6      | Became a worshipper of Beogh the Brigand
  4775 | D:6      | Killed Eustachio
  4776 | D:6      | Reached skill level 9 in Fighting
  4776 | D:6      | Reached skill level 2 in Invocations
  4776 | D:6      | Reached XP level 9. HP: 73/83 MP: 8/10
  4806 | D:6      | Found a staircase to the Ecumenical Temple.
  4822 | D:6      | Noticed Maggie
  4833 | D:6      | Killed Maggie
  4834 | D:6      | Reached skill level 4 in Invocations
  5131 | D:6      | Noticed Sigmund
  5144 | D:6      | Killed Sigmund
  5145 | D:6      | Reached skill level 10 in Fighting
  5145 | D:6      | Reached skill level 5 in Invocations
  5171 | D:6      | Noticed Dowan
  5171 | D:6      | Noticed Duvessa
  5200 | D:6      | Killed Duvessa
  5201 | D:6      | Reached skill level 6 in Invocations
  5207 | D:6      | Killed Dowan
  5375 | D:6      | Found an opulent altar of Gozag.
  5380 | D:6      | Reached skill level 7 in Invocations
  5511 | D:7      | Found a flagged portal.
  5519 | D:7      | Reached * piety under Beogh
  5532 | Bailey   | Entered a bailey
  5557 | Bailey   | Reached skill level 5 in Armour
  5804 | Bailey   | Reached skill level 6 in Armour
  5841 | Bailey   | Identified a +0 crystal plate armour
  5894 | Bailey   | Reached skill level 7 in Armour
  5894 | Bailey   | Reached XP level 10. HP: 70/93 MP: 15/15
  6061 | Bailey   | Reached skill level 8 in Armour
  6159 | D:7      | Reached ** piety under Beogh
  6608 | D:7      | Reached skill level 9 in Armour
  6659 | D:7      | Identified the +3 leather armour "Guarunuc" {^Contam
                  | Rampage Dex+2}
  7039 | D:8      | Found a large runed translucent door.
  7039 | D:8      | Found a large runed translucent door.
  7043 | D:8      | Noticed hawla's ghost (novice MiFi)
  7230 | D:8      | Found a hide-covered altar of Uskayaw.
  7256 | D:8      | Found a basalt altar of Yredelemnul.
  7293 | D:8      | Found a sacrificial altar of Ru.
  7294 | D:8      | Found a sparkling altar of Nemelex Xobeh.
  7637 | D:8      | Found a snail-covered altar of Cheibriados.
  7897 | D:9      | Found a hazy altar of Hepliaklqana.
  7897 | D:9      | Found a stormy altar of Qazlal.
  7925 | D:9      | Reached skill level 10 in Armour
  8137 | D:9      | Reached skill level 11 in Axes
  8181 | D:9      | Reached *** piety under Beogh
  8422 | D:9      | Reached skill level 12 in Axes
  8568 | D:10     | Entered Level 10 of the Dungeon
  8608 | D:10     | Found a staircase to the Lair.
  8680 | D:10     | Reached XP level 11. HP: 91/99 MP: 14/16
  8717 | D:10     | Found a staircase to the Orcish Mines.
  8759 | D:10     | Found Hosh's Armour Boutique.
  8767 | D:10     | Bought a +0 pair of boots for 72 gold pieces
  8884 | D:10     | Reached skill level 13 in Axes
  8884 | D:10     | Gained Boruk as an ally
  9045 | D:10     | Reached skill level 14 in Axes
  9163 | D:10     | Your ally Boruk died
  9167 | D:10     | Gained Brandogh as an ally
  9230 | D:10     | Noticed Nergalle
  9244 | D:10     | Killed Nergalle
  9245 | D:10     | Reached skill level 11 in Fighting
  9463 | D:10     | Found a runed translucent gate.
  9463 | D:10     | Found a runed translucent gate.
  9463 | D:10     | Found a runed translucent gate.
  9464 | D:10     | Noticed a great orb of eyes
  9466 | D:10     | Noticed bearlyready's ghost (journeyman TrSh)
  9469 | D:10     | Found a viscous altar of Jiyva.
  9860 | Lair:1   | Entered Level 1 of the Lair of Beasts
  9887 | Lair:1   | Noticed Joseph
  9896 | Lair:1   | Killed Joseph
  9929 | Lair:1   | Reached **** piety under Beogh
 10073 | Lair:1   | Reached skill level 12 in Fighting
 10178 | Lair:1   | Noticed Fannar
 10189 | Lair:1   | Killed Fannar
 10739 | Lair:2   | Reached skill level 11 in Armour
 10755 | Lair:2   | Reached XP level 12. HP: 60/113 MP: 17/17
 10782 | Lair:2   | Noticed a five-headed hydra
 10788 | Lair:2   | Killed a five-headed hydra
 11404 | Temple   | Entered the Ecumenical Temple
 11735 | Lair:2   | Found a staircase to the Snake Pit.
 11748 | Lair:2   | Reached skill level 13 in Fighting
 11902 | Lair:2   | Noticed a five-headed hydra
 11905 | Lair:2   | Reached skill level 12 in Armour
 11912 | Lair:2   | Killed a three-headed hydra
 12124 | Lair:2   | Reached ***** piety under Beogh
 12151 | Lair:2   | Noticed Sonja
 12159 | Lair:2   | Killed Sonja
 12542 | Lair:2   | Reached skill level 13 in Armour
 12623 | Lair:2   | Identified the +11 mace of Paper {elec, Dex+8 SInv}
 13085 | Lair:3   | You fall into a shaft and drop 1 floor!
 13248 | Lair:3   | Reached skill level 14 in Fighting
 13510 | Lair:3   | Found a radiant altar of Vehumet.
 13623 | Lair:3   | Reached skill level 14 in Armour
 13716 | Lair:3   | Found the +8 whip "Snakebite" {venom, curare, rPois}
 13785 | Lair:3   | Found a staircase to the Shoals.
 13848 | Lair:3   | Reached skill level 8 in Invocations
 14523 | Lair:4   | Reached skill level 9 in Invocations
 14531 | Lair:4   | Reached XP level 13. HP: 124/124 MP: 18/20
 14540 | Lair:4   | Reached skill level 10 in Invocations
 14668 | Lair:4   | Found a staircase to the Slime Pits.
 14700 | Lair:4   | Reached skill level 11 in Invocations
 14974 | Lair:4   | Reached skill level 12 in Invocations
 15118 | Lair:4   | Identified 2 scrolls of acquirement
 15118 | Lair:4   | Acquired 749 gold pieces
 15120 | Lair:4   | Acquired a +7 broad axe of freezing
 15240 | Lair:5   | Entered Level 5 of the Lair of Beasts
 15364 | Lair:5   | Reached skill level 15 in Axes
 15801 | Lair:5   | Reached skill level 16 in Axes
 15847 | Lair:5   | Reached skill level 17 in Axes
 15951 | Lair:5   | Identified the ring of Guwk {rPois rCorr MP+9 Int+3}
 15995 | Lair:5   | Reached ****** piety under Beogh
 16024 | Lair:5   | Reached XP level 14. HP: 132/132 MP: 23/23
 16128 | Lair:5   | Reached skill level 18 in Axes
 17576 | D:12     | Found a hazy altar of Hepliaklqana.
 18121 | D:13     | Found Fihu's Antique Armour Boutique.
 18418 | D:13     | Reached skill level 13 in Invocations
 19128 | D:14     | Noticed Louise
 19145 | D:14     | Killed Louise
 19155 | D:14     | Reached skill level 15 in Fighting
 19178 | D:14     | HP: 11/135 [vault guard/+0 dire flail (9)]
 19327 | D:14     | Reached skill level 15 in Armour
 19383 | D:14     | Found a gate to the Vaults.
 19396 | D:14     | Gained Arkwar as an ally
 19829 | D:14     | Reached skill level 14 in Invocations
 20015 | D:14     | Noticed Rupert
 20026 | D:14     | Killed Rupert
 20047 | D:14     | Reached XP level 15. HP: 141/141 MP: 25/25
 20233 | D:14     | Noticed Kirke
 20245 | D:14     | Killed Kirke
 20266 | D:14     | Reached skill level 6 in Shields
 20428 | D:15     | Entered Level 15 of the Dungeon
 20487 | D:15     | Noticed Azrael
 20509 | D:15     | Killed Azrael
 20561 | D:15     | Reached skill level 7 in Shields
 20765 | D:15     | Reached skill level 16 in Fighting
 20838 | D:15     | Found Umupobor's Jewellery Shop.
 20851 | D:15     | Your ally Arkwar died
 20944 | D:15     | Bought an amulet of reflection for 510 gold pieces
 21048 | D:15     | Reached skill level 8 in Shields
 21128 | D:15     | Reached skill level 15 in Invocations
 21163 | D:15     | Found a staircase to the Depths.
 21365 | D:15     | Found the +5 Lochaber axe {reach-cleave, Poleaxe ^Drain}
 21437 | D:15     | Identified the dragon-blood talisman of Time Monsters
                  | {+Blink}
 21718 | Orc:1    | Entered Level 1 of the Orcish Mines
 22106 | Orc:2    | Entered Level 2 of the Orcish Mines
 22108 | Orc:2    | Paralysed by an orc sorcerer for 5 turns
 22181 | Orc:2    | Found a staircase to the Elven Halls.
 22264 | Orc:2    | Found Qetas's Antique Armour Shoppe.
 22264 | Orc:2    | Found Goumma's Antique Weapon Boutique.
 22266 | Orc:2    | Reached skill level 16 in Armour
 22277 | Orc:2    | Found Inocziw's Jewellery Shop.
 22279 | Orc:2    | Found Eghumu's Weapon Emporium.
 23054 | Orc:1    | Found a roughly hewn altar of Beogh.
 23059 | Orc:1    | Reached skill level 9 in Shields
 23594 | Snake:1  | Entered Level 1 of the Snake Pit
 23770 | Snake:1  | Identified the serpent talisman "Xamaxket" {rN+}
 23770 | Snake:1  | Noticed Aizul
 23800 | Snake:1  | Killed Aizul
 23801 | Snake:1  | HP: 18/217 [black mamba[a naga ritualist] (11)]
 23806 | Snake:1  | HP: 11/217 [poisoned by a naga ritualist (toxic radiance)]
 23811 | Snake:1  | HP: 5/217 [poisoned by a naga ritualist (toxic radiance)]
 24173 | Snake:1  | Reached XP level 16. HP: 134/152 MP: 27/27
 24352 | Snake:1  | Reached skill level 19 in Axes
 24491 | Snake:1  | Noticed bobo's ghost (journeyman DjFE)
 24609 | Snake:1  | Found a runed translucent gate.
 24609 | Snake:1  | Found a runed translucent gate.
 24610 | Snake:1  | Found a runed translucent gate.
 24706 | Snake:1  | Killed bobo's ghost
 24802 | Snake:1  | Identified the +6 scale mail of Vuzul {Str+5}
 24904 | Snake:1  | Noticed Frances
 24918 | Snake:1  | Killed Frances
 24919 | Snake:1  | Reached skill level 20 in Axes
 25204 | Snake:1  | Gained Borgoth as an ally
 25207 | Snake:1  | Your ally Borgoth died
 25681 | Snake:1  | Gained Nordag as an ally
 26122 | Snake:1  | Reached skill level 21 in Axes
 26641 | Snake:2  | Noticed a nagaraja
 26652 | Snake:2  | Killed a nagaraja
 27009 | Snake:2  | Reached skill level 22 in Axes
 27195 | Snake:2  | Your ally Nordag died
 27499 | Snake:2  | Found a runed translucent gate.
 27499 | Snake:2  | Found a runed translucent gate.
 27499 | Snake:2  | Found a runed translucent gate.
 27788 | Snake:2  | Noticed DemonSlayer's ghost (adept DsEE)
 27814 | Snake:2  | Killed DemonSlayer's ghost
 28221 | Snake:3  | Gained Orkrul as an ally
 28230 | Snake:3  | Reached skill level 23 in Axes
 28235 | Snake:3  | Reached XP level 17. HP: 81/159 MP: 28/28
 28248 | Snake:3  | Your ally Orkrul died
 29017 | Snake:3  | Reached skill level 24 in Axes
 29343 | Snake:3  | Got Koott's Handbook of Captivating Creation
 29599 | Shoals:1 | Entered Level 1 of the Shoals
 30257 | Shoals:1 | Noticed a kraken
 30262 | Shoals:1 | Killed a kraken
 30263 | Shoals:1 | Reached skill level 25 in Axes
 31743 | Shoals:2 | Reached skill level 26 in Axes
 32043 | Shoals:2 | Noticed a kraken
 32049 | Shoals:2 | Killed a kraken
 32402 | Shoals:3 | Noticed Polyphemus
 32412 | Shoals:3 | Killed Polyphemus
 32421 | Shoals:3 | Reached XP level 18. HP: 77/168 MP: 29/29
 32614 | Shoals:3 | Found Jefirax's Distillery.
 32623 | Shoals:3 | Bought a potion of resistance for 180 gold pieces
 32623 | Shoals:3 | Bought a potion of heal wounds for 90 gold pieces
 32623 | Shoals:3 | Bought a potion of degeneration for 18 gold pieces
 32623 | Shoals:3 | Bought a potion of haste for 180 gold pieces
 32884 | Shoals:3 | Reached skill level 17 in Fighting
 32884 | Shoals:3 | Reached skill level 16 in Invocations
 33298 | Shoals:4 | Entered Level 4 of the Shoals
 33456 | Shoals:4 | Got a barnacled rune of Zot
 33694 | Shoals:4 | Paralysed by a formless jellyfish for 1 turns
 33719 | Shoals:4 | HP: 4/170 [alligator snapping turtle (18)]
 34230 | Shoals:4 | Gained Argrim as an ally
 34699 | Shoals:4 | Reached skill level 17 in Armour
 34730 | Shoals:4 | Identified the staff of Bloody Death {Will+ Int+5 Conj}
 35947 | Snake:4  | Entered Level 4 of the Snake Pit
 36023 | Snake:4  | HP: 16/171 [something (9)]
 36026 | Snake:4  | Reached skill level 17 in Invocations
 36028 | Snake:4  | HP: 12/171 [poisoned by a naga mage (bolt of poison)]
 36704 | Snake:4  | Noticed Donald
 36712 | Snake:4  | Killed Donald
 36715 | Snake:4  | Noticed Vashnia
 36717 | Snake:4  | HP: 16/171 [poisoned by a naga sharpshooter (splash of
                  | poison)]
 36722 | Snake:3  | HP: 12/171 [poisoned by a naga sharpshooter (splash of
                  | poison)]
 37611 | Vaults:1 | Entered Level 1 of the Vaults
 37615 | Vaults:1 | Identified the +11 long sword "Fosmiake" {speed, *Corrode
                  | Int+3 Dex+2}
 37683 | Vaults:1 | Gained Bogwik as an ally
 37792 | Vaults:1 | Reached skill level 18 in Fighting
 37956 | Vaults:1 | Found Isadoomm's Book Boutique.
 37964 | Vaults:1 | Bought a manual of Dodging for 1200 gold pieces
 38013 | Vaults:1 | Reached skill level 1 in Dodging
 38038 | Vaults:1 | Reached skill level 2 in Dodging
 38077 | Vaults:1 | Reached skill level 3 in Dodging
 38383 | Vaults:1 | Reached XP level 19. HP: 179/179 MP: 31/31
 38471 | Vaults:1 | Reached skill level 18 in Invocations
 38475 | Vaults:1 | Reached skill level 4 in Dodging
 38477 | Vaults:1 | Reached skill level 18 in Armour
 38625 | Vaults:1 | Reached skill level 5 in Dodging
 38685 | Vaults:1 | Reached skill level 6 in Dodging
 38742 | Vaults:1 | Identified the +0 chain mail of Rotini {Str+2}
 38790 | Vaults:1 | Found a large runed translucent door.
 38790 | Vaults:1 | Found a large runed translucent door.
 38791 | Vaults:1 | Noticed AgonHex's ghost (veteran HOFi)
 38990 | Vaults:1 | Reached skill level 7 in Dodging
 39116 | Vaults:1 | Reached skill level 8 in Dodging
 39283 | Vaults:1 | Killed AgonHex's ghost
 39512 | Vaults:1 | Acquired a manual of Fighting
 39514 | Vaults:1 | Acquired a manual of Fighting
 39516 | Vaults:1 | Acquired the +2 pair of boots "Coreh" {+Inv rC+++ Str-3
                  | SInv}
 39703 | Vaults:2 | Reached skill level 9 in Dodging
 39709 | Vaults:2 | Gained Beowulf as an ally
 39723 | Vaults:2 | Your ally Beowulf died
 39928 | Vaults:2 | Reached skill level 10 in Dodging
 40117 | Vaults:2 | Found a staircase to the Crypt.
 40117 | Vaults:2 | Found a basalt altar of Yredelemnul.
 40117 | Vaults:2 | Found an ancient bone altar of Kikubaaqudgha.
 40590 | Vaults:2 | Reached skill level 11 in Dodging
 41339 | Vaults:3 | Reached skill level 19 in Fighting
 41455 | Vaults:3 | Reached skill level 20 in Fighting
 41816 | Vaults:3 | Reached skill level 21 in Fighting
 41821 | Vaults:3 | Reached XP level 20. HP: 198/198 MP: 33/33
 41981 | Vaults:3 | Found Jioher's Assorted Antiques.
 41985 | Vaults:3 | Bought a scroll labelled JAHUGGEIZUC for 27 gold pieces
 42253 | Vaults:4 | Reached skill level 22 in Fighting
 42959 | Vaults:4 | Noticed Mara
 42972 | Vaults:4 | Killed Mara
 43029 | Vaults:4 | Identified the +6 whip of Ytsoyz {heavy, rF+ rC+ Str-5
                  | Dex+3}
 43063 | Vaults:4 | Reached skill level 23 in Fighting
 43599 | Vaults:4 | Reached skill level 24 in Fighting
 43844 | Vaults:4 | Gained Brunolf as an ally
 44998 | Snake:4  | Reached skill level 25 in Fighting
 45644 | Snake:4  | Killed Vashnia
 45645 | Snake:4  | Reached skill level 26 in Fighting
 46437 | Snake:4  | Got a serpentine rune of Zot
 46835 | Elf:1    | Entered Level 1 of the Elven Halls
 46845 | Elf:1    | Reached skill level 27 in Fighting
 46853 | Elf:1    | Gained Orkwin as an ally
 46941 | Elf:1    | Reached XP level 21. HP: 100/224 MP: 34/34
 47789 | Elf:1    | Found Osud Soa's Distillery.
 47832 | Elf:1    | Bought a potion of heal wounds for 55 gold pieces
 47832 | Elf:1    | Bought a potion of curing for 33 gold pieces
 47832 | Elf:1    | Bought a potion of curing for 33 gold pieces
 47832 | Elf:1    | Bought a potion of curing for 33 gold pieces
 47832 | Elf:1    | Bought a potion of curing for 33 gold pieces
 47832 | Elf:1    | Bought a potion of resistance for 110 gold pieces
 48075 | Elf:1    | Identified the +5 scale mail "Vobeuk Nisk" {rN+}
 48432 | Elf:2    | Noticed Zenata
 48439 | Elf:2    | Killed Zenata
 48685 | Elf:2    | Reached skill level 19 in Invocations
 48782 | Elf:2    | Found a runed translucent gate.
 48783 | Elf:2    | Found a runed translucent gate.
 48783 | Elf:2    | Found a runed translucent gate.
 48809 | Elf:2    | Found Beask's Distillery.
 48817 | Elf:2    | Bought a potion of curing for 36 gold pieces
 48817 | Elf:2    | Bought a potion of attraction for 36 gold pieces
 48817 | Elf:2    | Bought a potion of haste for 120 gold pieces
 48817 | Elf:2    | Bought 2 potions of haste for 240 gold pieces
 48817 | Elf:2    | Bought a potion of heal wounds for 60 gold pieces
 48817 | Elf:2    | Bought a potion of heal wounds for 60 gold pieces
 49306 | Elf:2    | Noticed Roxanne
 49310 | Elf:2    | Killed Roxanne
 49338 | Elf:2    | Found Yshryot's Overcharged Wands.
 49384 | Elf:2    | Found Mitit's Antique Armour Emporium.
 49391 | Elf:2    | Bought the +0 mask of the Dragon {Will+ Slay+3 SInv} for
                  | 835 gold pieces
 49391 | Elf:2    | Found the +0 mask of the Dragon {Will+ Slay+3 SInv}
 49512 | Elf:2    | Found Agist's Weapon Boutique.
 49941 | Depths:1 | Entered Level 1 of the Depths
 50038 | Depths:1 | Noticed Bai Suzhen
 50052 | Depths:1 | Killed Bai Suzhen
 50053 | Depths:1 | Reached skill level 19 in Armour
 50249 | Depths:1 | Found Ibom's Antique Weapon Emporium.
 50456 | Depths:1 | Found a blossoming altar of Fedhas.
 51183 | Depths:1 | Found a gateway to Hell.
 51185 | Depths:1 | Gained Arbeogh as an ally
 51616 | Depths:2 | Reached skill level 20 in Invocations
 51634 | Depths:2 | Your ally Arbeogh died
 51662 | Depths:2 | Noticed Norris
 51672 | Depths:2 | Killed Norris
 51682 | Depths:2 | Noticed a caustic shrike
 51688 | Depths:2 | Killed a caustic shrike
 52273 | Depths:2 | Found a one-way gate leading to the halls of Pandemonium.
 52478 | Depths:2 | Reached skill level 20 in Armour
 52485 | Depths:2 | Gained Oruk as an ally
 52620 | Depths:2 | Found a huge runed translucent gate.
 52621 | Depths:2 | Found a huge runed translucent gate.
 52621 | Depths:2 | Found a huge runed translucent gate.
 52622 | Depths:2 | Found a huge runed translucent gate.
 52622 | Depths:2 | Found a huge runed translucent gate.
 52623 | Depths:2 | Found a huge runed translucent gate.
 52623 | Depths:2 | Found a huge runed translucent gate.
 52623 | Depths:2 | Found a huge runed translucent gate.
 52623 | Depths:2 | Found a huge runed translucent gate.
 52623 | Depths:2 | Found a huge runed translucent gate.
 52624 | Depths:2 | Found a huge runed translucent gate.
 52625 | Depths:2 | Found a huge runed translucent gate.
 52625 | Depths:2 | Found a huge runed translucent gate.
 52627 | Depths:2 | Found a huge runed translucent gate.
 52628 | Depths:2 | Found a huge runed translucent gate.
 52629 | Depths:2 | Found a huge runed translucent gate.
 52629 | Depths:2 | Found a huge runed translucent gate.
 52634 | Depths:2 | Found a huge runed translucent gate.
 52635 | Depths:2 | Found a huge runed translucent gate.
 52635 | Depths:2 | Found a huge runed translucent gate.
 52635 | Depths:2 | Found a huge runed translucent gate.
 52635 | Depths:2 | Found a huge runed translucent gate.
 52637 | Depths:2 | Found a huge runed translucent gate.
 52638 | Depths:2 | Found a huge runed translucent gate.
 52639 | Depths:2 | Found a huge runed translucent gate.
 52639 | Depths:2 | Found a huge runed translucent gate.
 52642 | Depths:2 | Found a huge runed translucent gate.
 52656 | Depths:2 | Found a huge runed translucent gate.
 52657 | Depths:2 | Found a huge runed translucent gate.
 52658 | Depths:2 | Found a huge runed translucent gate.
 52659 | Depths:2 | Found a huge runed translucent gate.
 52660 | Depths:2 | Found a huge runed translucent gate.
 52661 | Depths:2 | Found a huge runed translucent gate.
 52662 | Depths:2 | Found a huge runed translucent gate.
 52662 | Depths:2 | Found a huge runed translucent gate.
 52667 | Depths:2 | Found a huge runed translucent gate.
 52959 | Depths:2 | Found the +5 Force Lance {heavy, knockback}
 52964 | Depths:2 | Identified the ring "Kiw Apn" {+Blink Fly rElec}
 52976 | Depths:2 | Got the Omnibus of Imprecation
 53210 | Depths:2 | Noticed a caustic shrike
 53214 | Depths:2 | Killed a caustic shrike
 53215 | Depths:2 | Reached skill level 21 in Invocations
 53215 | Depths:2 | Noticed a caustic shrike
 53227 | Depths:2 | HP: 19/224 [living spell/divine providence[a walking divine
                  | tome] (21)]
 53228 | Depths:2 | Your ally Oruk died
 53446 | Depths:2 | Reached XP level 22. HP: 178/233 MP: 36/36
 53463 | Depths:2 | Killed a caustic shrike
 54418 | Depths:3 | Found a one-way gateway to a ziggurat.
 54466 | Depths:3 | Noticed a golden dragon
 54482 | Depths:3 | Killed a golden dragon
 54747 | Depths:3 | Got Easy Gnosis
 54794 | Depths:3 | Noticed a juggernaut
 54807 | Depths:3 | Killed a juggernaut
 55318 | Depths:3 | Reached skill level 22 in Invocations
 55473 | Depths:3 | Found a one-way gate to the infinite horrors of the Abyss.
 55484 | Depths:3 | Reached skill level 21 in Armour
 55486 | Depths:3 | Gained Bogric as an ally
 55615 | Depths:4 | Entered Level 4 of the Depths
 55616 | Depths:4 | Noticed a golden dragon
 55620 | Depths:4 | Your ally Bogric died
 55634 | Depths:4 | Killed a golden dragon
 55636 | Depths:4 | Noticed Toomeure's ghost (veteran BaHs)
 56073 | Depths:4 | Found a runed translucent gate.
 56825 | Depths:4 | Found a runed translucent gate.
 56827 | Depths:4 | Found a runed translucent gate.
 57613 | Depths:4 | Identified the +10 whip of Duty {flame, *Rage +Blink rElec
                  | Stlth+}
 57633 | Depths:4 | Found a gate to the Realm of Zot.
 57656 | Depths:4 | Reached skill level 23 in Invocations
 57824 | Depths:4 | Noticed a golden dragon
 57846 | Depths:4 | Killed a golden dragon
 58043 | Depths:4 | Killed Toomeure's ghost
 58159 | Depths:4 | Got the Discourse on Injury
 58175 | Depths:4 | Got the Book of Blasphemous Mysteries
 58884 | Vaults:5 | Entered Level 5 of the Vaults
 58889 | Vaults:5 | Gained Marbaugh as an ally
 58890 | Vaults:5 | Reached skill level 22 in Armour
 58893 | Vaults:5 | Reached XP level 23. HP: 233/240 MP: 38/38
 58922 | Vaults:5 | Noticed a dread lich
 58925 | Vaults:5 | Noticed a golden dragon
 58925 | Vaults:5 | Noticed an ancient lich
 58935 | Vaults:5 | Killed a golden dragon
 58941 | Vaults:5 | Killed a dread lich
 58942 | Vaults:5 | Reached skill level 24 in Invocations
 58944 | Vaults:5 | Killed an ancient lich
 59275 | Vaults:5 | Noticed Xtahua
 59284 | Vaults:5 | Your ally Marbaugh died
 59295 | Vaults:4 | Killed Xtahua
 59673 | Vaults:5 | Reached skill level 23 in Armour
 59978 | Vaults:5 | Noticed a dread lich
 60005 | Vaults:5 | Killed a dread lich
 60006 | Vaults:5 | Reached skill level 25 in Invocations
 60461 | Vaults:5 | Identified the ring "Ori Malu" {*Corrode rPois rN+++ Will+
                  | Dex+2}
 60506 | Vaults:5 | Identified the +3 executioner's axe of Ipse Dixit {flame,
                  | *Rage rElec rC+ Will+}
 60539 | Vaults:5 | Identified the +3 spear of Infinite Pain {protect, rN+
                  | rCorr Stlth+}
 60557 | Vaults:5 | Got the Papyrus of Congregated Translocation
 60697 | Vaults:5 | Got a silver rune of Zot
 60701 | Vaults:5 | Identified the +6 long sword "Ox" {flame, Str+4}
 60981 | Vaults:5 | Identified the +1 arbalest "Zopag" {flame, rC+ rCorr}
 60981 | Vaults:5 | Identified the +7 war axe "Sojuec" {venom, *Corrode rElec
                  | rF+ Int+2}
 61476 | Vaults:5 | Found the +10 tower shield of Ignorance {rN+ Int-4}
 61518 | Vaults:5 | Found the +9 scales of the Dragon King {rPois rF+ rC+
                  | Will+}
 61531 | Vaults:5 | Identified the +6 dagger "Siprisaw" {heavy, *Slow Int+9
                  | Dex-2 Stlth+}
 61695 | Vaults:5 | Gained Learuk as an ally
 61696 | Vaults:5 | Reached XP level 24. HP: 238/239 MP: 39/39
 61859 | Vaults:5 | Reached skill level 24 in Armour
 62262 | Elf:3    | Entered Level 3 of the Elven Halls
 62376 | Elf:3    | Paralysed by an air elemental for 1 turns
 62445 | Elf:3    | Gained Norbak as an ally
 62786 | Elf:3    | Your ally Norbak died
 63147 | Elf:3    | Reached skill level 25 in Armour
 63160 | Elf:3    | Gained Arbolt as an ally
 63162 | Elf:3    | Your ally Arbolt died
 63969 | Elf:3    | Identified the +1 robe "Ebicaz" {rPois rCorr Stlth-}
 63992 | Elf:3    | Reached skill level 26 in Armour
 64159 | Elf:3    | Identified the +11 spear "Zesydek" {drain, rElec rN++ rCorr
                  | Int-3}
 64235 | Elf:3    | Identified the staff "Miytaeci" {rN+ Dex+3 Necro Earth}
 64284 | Elf:3    | Got Agruvop's Information on the Deep Freeze
 64286 | Elf:3    | Identified the +5 quick blade "Mehuiggo" {venom, +Blink
                  | rCorr Dex-4}
 64304 | Elf:3    | Identified the amulet "Siongy" {Reflect rElec Int+4 Dex-4
                  | SH+5 Stlth+}
 64347 | Elf:3    | Identified the +4 dagger "Moeryn" {protect, Str+2 SInv}
 64354 | Elf:3    | Identified the +0 rapier of the Tiger {spect, Int+6}
 64372 | Elf:3    | Got Muguw's Discourse on the Commander and Evil
 64648 | Slime:1  | Entered Level 1 of the Pits of Slime
 64651 | Slime:1  | Gained Nordag as an ally
 64667 | Slime:1  | Your ally Nordag died
 64959 | Slime:1  | Gained Learuk as an ally
 65274 | Slime:2  | Gained mutation: Your spells are a little easier to cast,
                  | but a little less powerful. [a shining eye]
 65281 | Slime:2  | Gained Orbeogh as an ally
 65285 | Slime:2  | Reached skill level 27 in Armour
 65464 | Slime:5  | Entered Level 5 of the Pits of Slime
 65486 | Slime:5  | Reached skill level 26 in Invocations
 65635 | Slime:5  | Noticed the Royal Jelly
 65645 | Slime:5  | Killed the Royal Jelly
 65654 | Slime:5  | Your ally Orbeogh died
 65714 | Slime:5  | Reached skill level 27 in Invocations
 65726 | Slime:5  | Gained Okrist as an ally
 66102 | Slime:5  | Identified the +3 trident of Valour {flame, rF+ Will+
                  | Int-5}
 66119 | Slime:5  | Got a slimy rune of Zot
 66127 | Slime:5  | Identified the +10 flail of Nightmares {freeze, rC- Str+4
                  | Int+6 Dex+3}
 66198 | Slime:5  | Gained Oruk as an ally
 66754 | Zot:1    | Entered Level 1 of the Realm of Zot
 67234 | Zot:1    | Reached XP level 25. HP: 217/257 MP: 40/40
 67558 | Zot:1    | Reached skill level 27 in Axes
 67665 | Zot:1    | Reached skill level 1 in Evocations
 67675 | Zot:1    | Noticed a Killer Klown
 67686 | Zot:1    | Reached skill level 2 in Evocations
 67699 | Zot:1    | Reached skill level 3 in Evocations
 67705 | Zot:1    | Killed a Killer Klown
 68038 | Zot:1    | Reached skill level 4 in Evocations
 68049 | Zot:1    | Reached skill level 5 in Evocations
 68064 | Zot:1    | Reached skill level 6 in Evocations
 68443 | Zot:1    | Gained Jorge as an ally
 68833 | Zot:1    | Your ally Jorge died
 68837 | Zot:1    | Reached skill level 7 in Evocations
 69028 | Zot:1    | Identified the ring of Ulemol {Will+ MP+9}
 69131 | Zot:2    | Your ally Bogwik died
 69142 | Zot:2    | Reached skill level 8 in Evocations
 69154 | Zot:2    | Noticed an electric golem
 69156 | Zot:2    | Your ally Oruk died
 69161 | Zot:2    | Killed an electric golem
 69461 | Zot:2    | Reached skill level 9 in Evocations
 69477 | Zot:2    | Gained mutation: You have hidden genetic defects.
                  | [mutagenic glow]
 69484 | Zot:2    | Gained mutation: Armour fits poorly on your strangely
                  | shaped body. [mutagenic glow]
 69993 | Zot:3    | Noticed a curse toe
 69996 | Zot:3    | Killed a curse toe
 69997 | Zot:3    | Reached skill level 10 in Evocations
 70010 | Zot:3    | Noticed a curse toe
 70028 | Zot:3    | Killed a curse toe
 70427 | Zot:3    | You fall into a shaft and drop 1 floor!
 70777 | Zot:3    | Reached skill level 11 in Evocations
 71030 | Zot:3    | Noticed an electric golem
 71047 | Zot:3    | Killed an electric golem
 71640 | Zot:4    | Gained mutation: You are clumsy. (Dex -2) [hidden defects]
 71642 | Zot:4    | Reached skill level 12 in Evocations
 72129 | Zot:4    | Gained Margrim as an ally
 72139 | Zot:4    | Your ally Margrim died
 72153 | Zot:4    | Noticed an orb of fire
 72167 | Zot:4    | Killed an orb of fire
 72447 | Zot:3    | Lost mutation: You are clumsy. (Dex -2) [potion of
                  | mutation]
 72447 | Zot:3    | Lost mutation: Armour fits poorly on your strangely shaped
                  | body. [potion of mutation]
 72447 | Zot:3    | Gained mutation: Your muscles are strong. (Str +4, Int/Dex
                  | -1) [potion of mutation]
 72447 | Zot:3    | Gained mutation: Your body sometimes deteriorates upon
                  | taking damage. [potion of mutation]
 72447 | Zot:3    | Gained mutation: You expend magic power (3 MP) to
                  | strengthen your wands. [potion of mutation]
 72728 | Zot:4    | Reached skill level 13 in Evocations
 73002 | Zot:4    | Reached XP level 26. HP: 254/266 MP: 40/40
 73471 | Zot:4    | Gained mutation: Potions are less effective at restoring
                  | your health. [hidden defects]
 73471 | Zot:4    | Lost mutation: You have hidden genetic defects. [hidden
                  | defects expressed]
 73832 | Zot:4    | Reached skill level 14 in Evocations
 74047 | Zot:4    | Found a shimmering blue altar of Sif Muna.
 74229 | Zot:5    | Entered Level 5 of the Realm of Zot
 75027 | Zot:5    | Reached skill level 15 in Evocations
 75531 | Zot:5    | Noticed an electric golem
 75531 | Zot:5    | Noticed an ancient lich
 75541 | Zot:5    | Killed an ancient lich
 75551 | Zot:5    | Killed an electric golem
 75571 | Zot:5    | Noticed a dread lich
 75582 | Zot:5    | Killed a dread lich
 75638 | Zot:5    | Reached skill level 16 in Evocations
 75903 | Zot:5    | Noticed an orb of fire
 75962 | Zot:5    | Noticed an ancient lich
 75981 | Zot:5    | Killed an ancient lich
 75983 | Zot:5    | Gained mutation: Armour fits poorly on your strangely
                  | shaped body. [mutagenic glow]
 75984 | Zot:5    | Your ally Learuk died
 75984 | Zot:5    | HP: 19/265 [orb of fire/fireball (17)]
 75985 | Zot:5    | Killed an orb of fire
 75987 | Zot:5    | Your ally Okrist died
 75988 | Zot:5    | Your ally Brandogh died
 75988 | Zot:5    | Your ally Brunolf died
 75993 | Zot:5    | Your ally Orkwin died
 75994 | Zot:5    | Noticed an orb of fire
 75994 | Zot:5    | Your ally Learuk died
 75998 | Zot:5    | HP: 12/266 [Orb Guardian (25)]
 75999 | Zot:5    | Gained mutation: Your magical capacity is low. (-10% MP)
                  | [mutagenic glow]
 76000 | Zot:5    | Killed from afar by an orb of fire

Vanquished Creatures
  the Royal Jelly (Slime:5)
  3 ancient liches
  3 dread liches
  An orb of fire (Zot:4)
  Mara (Vaults:4)
  A juggernaut (Depths:3)
  Xtahua (Vaults:4)
  Bai Suzhen (Depths:1)
  A Killer Klown (Zot:1)
  The ghost of AgonHex the Hoplite, a veteran HOFi of Qazlal (Vaults:1)
  Vashnia (Snake:4)
  3 caustic shrikes (Depths:2)
  2 curse toes (Zot:3)
  Norris (Depths:2)
  The ghost of Toomeure the Maledictor, a veteran BaHs of Cheibriados (Depths:4)
  7 golden dragons
  A bone dragon (Depths:4)
  2 electric golems
  9 tentacled monstrosities
  Zenata (Elf:2)
  A lich (Depths:3)
  2 walking frostbound tomes
  2 walking crystal tomes
  A walking divine tome (Depths:2)
  17 acid blobs
  11 quicksilver dragons
  A walking earthen tome (Depths:4)
  10 Orb Guardians (Zot:5)
  2 deep elf master archers (Elf:3)
  3 titans (Vaults:5)
  2 deep elf blademasters (Elf:3)
  9 death cobs
  2 krakens
  9 sphinxes
  Frances (Snake:1)
  The ghost of DemonSlayer the Eclecticist, an adept DsEE of Jiyva (Snake:2)
  Polyphemus (Shoals:3)
  12 shadow dragons
  Kirke (D:14)
  5 tengu reavers
  17 storm dragons
  2 draconian monks
  Aizul (Snake:1)
  Roxanne (Elf:2)
  15 rockslimes
  The ghost of bobo the Warrior, a journeyman DjFE of Makhleb (Snake:1)
  6 nagarajas
  7 fire giants
  5 azure jellies (Slime:5)
  5 protean progenitors
  2 iron dragons
  4 draconian shifters
  5 frost giants
  3 draconian knights
  A draconian scorcher (Zot:2)
  13 vault wardens
  5 deep elf sorcerers
  4 deep elf elementalists (Elf:3)
  Louise (D:14)
  3 ghost moths
  6 draconian stormcallers
  10 stone giants
  3 draconian annihilators
  A spriggan defender (Depths:2)
  7 formless jellyfish
  12 ironbound preservers
  16 very ugly things
  7 quicksilver oozes
  A vampire knight (Depths:2)
  3 ironbound thunderhulks
  3 deep elf demonologists (Elf:3)
  3 green draconians
  10 deep elf death magi
  4 yellow draconians
  5 deep elf annihilators
  18 purple draconians
  5 black draconians
  6 white draconians
  5 war gargoyles (Vaults:5)
  15 red draconians
  A spark wasp (Depths:2)
  7 ettins
  3 crystal guardians
  9 merfolk impalers
  3 entropy weavers
  2 merfolk javelineers
  Fannar (Lair:1)
  10 great orbs of eyes
  7 fire dragons
  2 deep elf high priests (Elf:3)
  16 yaktaur captains
  6 ice dragons
  2 hydras
  A hell beast (Depths:2)
  2 salamander tyrants
  24 anacondas
  3 catoblepae
  19 centaur warriors
  37 vault guards
  3 ogre magi
  3 merfolk avatars
  3 alligator snapping turtles (Shoals:4)
  10 ironbound frosthearts
  4 peacekeepers
  2 merfolk aquamancers
  3 boulder beetles
  2 death knights
  5 two-headed ogres
  5 tengu warriors
  6 deep troll shamans
  8 death yaks
  A radroach (shapeshifter) (Vaults:5)
  2 satyrs
  13 naga warriors
  An occultist (D:15)
  9 dancing weapons
  An orc high priest (Elf:3)
  A soul eater (Depths:4)
  4 deep troll earth magi
  12 naga sharpshooters
  3 spriggan berserkers
  6 hell knights
  5 shock serpents
  Sonja (Lair:2)
  11 deep elf knights
  Nergalle (D:10)
  8 skysharks
  5 salamander mystics
  A shadow wraith (Vaults:5)
  5 iron trolls
  7 glowing orange brains
  44 deep trolls
  6 naga ritualists
  6 mana vipers
  A flayed ghost (Depths:2)
  2 orb spiders (shapeshifter)
  11 deep elf archers
  14 sea snakes
  21 ironbound convokers
  8 arcanists
  4 phantasmal warriors (Vaults:5)
  2 necromancers
  9 lindwurms
  15 deep elf zephyrmancers
  24 harpies
  15 fauns
  An orc knight (D:14)
  2 orc sorcerers (Orc:2)
  4 shining eyes
  22 deep elf pyromancers
  32 ugly things
  8 salamanders
  An oklob plant (Shoals:3)
  3 large abominations (Depths:3)
  A cyclops (Shoals:1)
  12 manticores
  33 black mambas
  7 elephants
  A fire giant skeleton (Vaults:4)
  24 moths of wrath
  12 merfolk sirens
  9 guardian serpents
  4 kobold blastminers (Orc:2)
  Joseph (Lair:1)
  17 vault sentinels
  28 naga magi
  An eye of devastation (Slime:2)
  2 smoke demons (Depths:4)
  Maggie (D:6)
  5 gargoyles
  2 hellions (Zot:1)
  A kobold demonologist (D:11)
  4 water nymphs
  6 komodo dragons
  23 yaktaurs
  6 cane toads
  6 unseen horrors
  2 komodo dragons (shapeshifter)
  An efreet (Zot:4)
  3 tengu conjurers
  4 freezing wraiths
  3 rime drakes
  A rime drake (shapeshifter) (Depths:1)
  3 polar bears
  8 trolls
  18 merfolk
  3 tyrant leeches
  Grinder (D:3)
  7 wind drakes
  A hornet (Vaults:5)
  3 glass eyes
  2 dream sheep (Shoals:1)
  8 blink frogs (Lair:5)
  13 snapping turtles
  60 slime creatures
  3 air elementals
  A shadow (D:13)
  Sigmund (D:6)
  2 hogs (D:14)
  Eustachio (D:6)
  22 water elementals
  4 small abominations (Depths:3)
  23 fire elementals
  A wraith (D:9)
  3 wyverns
  A human (D:14)
  A basilisk (Lair:3)
  27 yaks
  16 golden eyes
  4 chaos spawn (Depths:3)
  3 redbacks
  3 steam dragons (Shoals:1)
  A warg (D:14)
  10 vampire mosquitoes
  Menkaure (D:5)
  Edmund (D:5)
  48 nagas
  15 water moccasins
  Duvessa (D:6)
  3 hell hounds (D:15)
  2 ice beasts (D:6)
  18 orc warriors
  A sky beast (D:8)
  4 black bears
  2 laughing skulls (D:12)
  15 centaurs
  An ettin simulacrum (Vaults:4)
  18 wolves
  5 ogres
  2 phantoms
  19 kobold brigands
  A human zombie (Vaults:4)
  16 bullfrogs
  A gnoll sergeant (D:12)
  Blork the orc (D:5)
  2 earth elementals (Elf:1)
  2 scorpions
  13 wights
  Dowan (D:6)
  8 killer bees
  3 bombardier beetles
  4 hounds (D:6)
  4 orc priests
  2 jellies
  3 sleepcaps
  Ijyb (D:5)
  Natasha (twice) (D:3)
  An iguana (D:7)
  7 orc wizards
  8 gnolls
  7 adders
  2 white imps
  4 ufetubi
  4 dart slugs
  35 orcs
  10 ball pythons
  5 bats
  2 endoplasms (D:2)
  3 giant cockroaches
  8 goblins
  6 hobgoblins
  A jackal (D:3)
  5 quokkas
  3 frilled lizards (D:3)
  17 kobolds
  8 rats
  8 tentacles
1775 creatures vanquished.

Vanquished Creatures (collateral kills)
  An orb of fire (Zot:5)
  An electric golem (Zot:2)
  Rupert (D:14)
  An Orb Guardian (Zot:5)
  A tentacled monstrosity (Zot:2)
  2 acid blobs (Slime:5)
  A quicksilver dragon (Zot:2)
  Donald (Snake:4)
  2 storm dragons
  A draconian monk (Zot:5)
  A deep elf elementalist (Elf:1)
  A vault warden (Vaults:1)
  An ironbound preserver (Vaults:1)
  An ironbound thunderhulk (Vaults:1)
  2 formless jellyfish
  2 stone giants
  A purple draconian (Zot:2)
  A quicksilver ooze (Zot:1)
  A yellow draconian (Zot:5)
  A black draconian (Zot:2)
  A war gargoyle (Vaults:2)
  Azrael (D:15)
  An ettin (Depths:2)
  A fire dragon (D:15)
  A merfolk impaler (Shoals:4)
  5 hydras
  A great orb of eyes (Slime:2)
  2 vault guards
  2 anacondas (Snake:3)
  2 ironbound frosthearts
  3 dancing weapons
  A centaur warrior (Vaults:1)
  3 tengu warriors
  4 shock serpents
  A naga sharpshooter (Snake:4)
  2 deep elf knights (Elf:2)
  An arcanist (Vaults:2)
  A skyshark (Lair:4)
  2 sea snakes
  A naga ritualist (Snake:1)
  A deep elf archer (Elf:2)
  2 necromancers
  2 mana vipers (Snake:2)
  3 ironbound convokers
  2 deep elf zephyrmancers (Elf:2)
  7 ugly things
  6 deep elf pyromancers
  2 orc sorcerers
  2 manticores
  7 elephants
  A moth of wrath (Zot:2)
  4 black mambas
  A kobold blastminer (Orc:2)
  2 vault sentinels (Vaults:1)
  A naga mage (Snake:2)
  9 cane toads
  2 freezing wraiths
  2 komodo dragons
  6 yaktaurs
  3 merfolk (Shoals:4)
  A troll (Orc:2)
  A wolf spider simulacrum (D:15)
  A blink frog (shapeshifter) (D:15)
  6 blink frogs (Lair:5)
  A frost giant simulacrum (Vaults:1)
  6 slime creatures
  9 yaks
  A wyvern (Lair:2)
  3 golden eyes (Slime:5)
  A basilisk (Lair:3)
  A warg (Orc:1)
  A vampire mosquito (D:12)
  5 nagas
  4 water moccasins
  6 orc warriors
  A black bear (Lair:5)
  A wolf (Lair:2)
  A centaur (Orc:2)
  2 ogres
  2 human skeletons (Vaults:1)
  A kobold brigand (D:11)
  A bullfrog (Lair:2)
  An ogre simulacrum (Vaults:1)
  4 killer bees (D:10)
  2 orc priests (Orc:2)
  2 orc wizards
  A gnoll (D:12)
  7 orcs
  3 kobolds (D:11)
  An aspiring flesh (Zot:1)
202 creatures vanquished.

Vanquished Creatures (others)
  3 orc warlords
  A draconian monk (Zot:2)
  A fire giant (Vaults:5)
  2 draconian knights
  A ghost moth (Zot:2)
  3 black draconians
  3 orc high priests
  A dancing weapon (Elf:2)
  A deep elf knight (Elf:2)
  5 orc sorcerers
  A deep elf zephyrmancer (Elf:3)
  22 orc knights
  35 orc priests
  2 wind drakes
  35 orc warriors
  15 orc wizards
  43 orcs
174 creatures vanquished.

Grand Total: 2151 creatures vanquished

Table legend: (Time is in decaauts)
 A = Elapsed time spent in this place.
 B = Non-inter-level travel time spent in this place.
 C = Inter-level travel time spent in this place.
 D = Time resting spent in this place.
 E = Time spent auto-exploring this place.
 F = Levels seen in this place.
 G = Mean time per level.
                   A        B        C        D        E       F      G
               +--------+--------+--------+--------+--------+-----+--------+
         Total |  74981 |  69604 |   5377 |  20383 |  39515 |  54 | 1388.5 |
       Dungeon |  16619 |  14328 |   2291 |   1952 |  10069 |  15 | 1107.9 |
        Temple |      1 |      0 |      1 |      0 |      0 |   1 |    1.0 |
          Lair |   6149 |   5250 |    899 |    580 |   3835 |   5 | 1229.8 |
        Shoals |   6073 |   5908 |    165 |   1469 |   3734 |   4 | 1518.2 |
     Snake Pit |   9667 |   9140 |    527 |   3561 |   4612 |   4 | 2416.8 |
    Slime Pits |   1691 |   1562 |    129 |    649 |    369 |   5 |  338.2 |
  Orcish Mines |   1932 |   1605 |    327 |    253 |   1179 |   2 |  966.0 |
   Elven Halls |   4831 |   4534 |    297 |   1071 |   2889 |   3 | 1610.3 |
        Vaults |   9600 |   9251 |    349 |   2537 |   5509 |   5 | 1920.0 |
        Depths |   8676 |   8382 |    294 |   3598 |   3923 |   4 | 2169.0 |
           Zot |   9138 |   9046 |     92 |   4584 |   3105 |   5 | 1827.6 |
        Bailey |    599 |    599 |      0 |    125 |    290 |   1 |  599.0 |
               +--------+--------+--------+--------+--------+-----+--------+

Top non-repeatable levels by time:
 Snake:3: 2900 daAuts
Vaults:4: 2832 daAuts
 Snake:1: 2772 daAuts
    D:10: 2552 daAuts
Depths:2: 2489 daAuts
   Zot:4: 2483 daAuts
Shoals:4: 2408 daAuts
Depths:4: 2342 daAuts
   Zot:1: 2312 daAuts
   Zot:3: 2173 daAuts
   Elf:3: 2108 daAuts
Vaults:1: 2076 daAuts
Depths:1: 2071 daAuts
 Snake:2: 2046 daAuts
 Snake:4: 1947 daAuts

Table legend:
 A = Non-vault XP
 B = Vault XP
 C = Vault XP percentage of total XP
 D = Non-vault monster count
 E = Vault monster count
 F = Vault count percentage of total count
                 A         B        C        D         E       F
            +---------+---------+-------+---------+---------+-------
      Total |  617783 |  568552 |  47.9 |    1231 |     734 |  37.4
            +---------+---------+-------+---------+---------+-------
        D:1 |      25 |       0 |   0.0 |      15 |       0 |   0.0
        D:2 |      61 |       0 |   0.0 |      20 |       0 |   0.0
        D:3 |     117 |     328 |  73.7 |      21 |       5 |  19.2
        D:4 |     129 |       0 |   0.0 |      12 |       0 |   0.0
        D:5 |     520 |     448 |  46.3 |      12 |       4 |  25.0
        D:6 |    1059 |    1050 |  49.8 |      19 |       5 |  20.8
        D:7 |     850 |       8 |   0.9 |      20 |       4 |  16.7
        D:8 |     556 |       0 |   0.0 |      21 |       0 |   0.0
        D:9 |    2158 |       0 |   0.0 |      17 |       0 |   0.0
       D:10 |    2784 |    1173 |  29.6 |      23 |       9 |  28.1
       D:11 |    2429 |    2230 |  47.9 |      13 |      26 |  66.7
       D:12 |    4400 |       0 |   0.0 |      19 |       0 |   0.0
       D:13 |    5019 |       0 |   0.0 |      12 |       0 |   0.0
       D:14 |    8300 |   11509 |  58.1 |      20 |      18 |  47.4
       D:15 |   15839 |    6487 |  29.1 |      33 |      14 |  29.8
     Lair:1 |    2017 |    1615 |  44.5 |      12 |       4 |  25.0
     Lair:2 |    3000 |    7023 |  70.1 |      16 |      31 |  66.0
     Lair:3 |    3697 |    1327 |  26.4 |      17 |       7 |  29.2
     Lair:4 |    6456 |       0 |   0.0 |      18 |       0 |   0.0
     Lair:5 |    8388 |    9827 |  54.0 |      33 |      22 |  40.0
   Shoals:1 |   16193 |    4009 |  19.8 |      32 |      13 |  28.9
   Shoals:2 |   18435 |       0 |   0.0 |      36 |       0 |   0.0
   Shoals:3 |   16597 |    4470 |  21.2 |      31 |       5 |  13.9
   Shoals:4 |    9371 |   16923 |  64.4 |      21 |      25 |  54.3
    Snake:1 |   23385 |    7582 |  24.5 |      47 |      10 |  17.5
    Snake:2 |   20663 |    1333 |   6.1 |      47 |       1 |   2.1
    Snake:3 |   12344 |    9177 |  42.6 |      30 |      13 |  30.2
    Snake:4 |   12312 |   36480 |  74.8 |      25 |      56 |  69.1
    Slime:1 |   11321 |     884 |   7.2 |      35 |       4 |  10.3
    Slime:2 |   10263 |       0 |   0.0 |      15 |       0 |   0.0
    Slime:3 |    3436 |       0 |   0.0 |       3 |       0 |   0.0
    Slime:4 |    2906 |       0 |   0.0 |       8 |       0 |   0.0
    Slime:5 |   11709 |   33986 |  74.4 |      35 |      24 |  40.7
      Orc:1 |    2040 |       0 |   0.0 |       7 |       0 |   0.0
      Orc:2 |    3063 |    2884 |  48.5 |      17 |      18 |  51.4
      Elf:1 |   15642 |   12888 |  45.2 |      27 |      22 |  44.9
      Elf:2 |   13804 |    5269 |  27.6 |      24 |       5 |  17.2
      Elf:3 |   12820 |   31497 |  71.1 |      22 |      28 |  56.0
   Vaults:1 |   35367 |   15598 |  30.6 |      60 |      21 |  25.9
   Vaults:2 |   16772 |   10681 |  38.9 |      30 |      15 |  33.3
   Vaults:3 |   12545 |   20501 |  62.0 |      16 |      26 |  61.9
   Vaults:4 |   20150 |   28541 |  58.6 |      33 |      26 |  44.1
   Vaults:5 |   23012 |  102257 |  81.6 |      30 |      88 |  74.6
   Depths:1 |   16064 |    3974 |  19.8 |      17 |       2 |  10.5
   Depths:2 |   16792 |   48643 |  74.3 |      19 |      41 |  68.3
   Depths:3 |   12023 |   15787 |  56.8 |      20 |      21 |  51.2
   Depths:4 |   34151 |   22801 |  40.0 |      39 |      18 |  31.6
      Zot:1 |   29326 |   33905 |  53.6 |      27 |      30 |  52.6
      Zot:2 |   28531 |       0 |   0.0 |      28 |       0 |   0.0
      Zot:3 |   27517 |       0 |   0.0 |      23 |       0 |   0.0
      Zot:4 |   36680 |   16554 |  31.1 |      33 |      30 |  47.6
      Zot:5 |   24745 |   37544 |  60.3 |      21 |      17 |  44.7
     Bailey |       0 |    1359 | 100.0 |       0 |      26 | 100.0
            +---------+---------+-------+---------+---------+-------
